Map: Hecate LE

Players

Subwayeatn

  • Race: Zerg Zerg
  • League: Platinum
  • Spawn Location: 7:00

Dowfu - Winner!

  • Race: Terran Terran
  • League: Platinum
  • Spawn Location: 1:00

VOD

Have the link to the VOD?

Description

Time

  • Played on: Nov. 3, 2023, 11:51 a.m.
  • Length: 39:19
Show
View Real Time Build Order
Export as new Build Order

Subwayeatn Zerg 

Build Orders: Hatch First, Brood Lord Corruptor 

Get SALT Encoding   

  12  0:00  Drone  
  13  0:12  Overlord  
  13  0:16  Drone  
  14  0:31  Drone x2  
  16  0:49  Hatchery  
  15  0:54  Drone  
  15  0:56  Drone  
  17  1:06  Drone  
  17  1:08  Extractor  
  17  1:16  Spawning Pool  
  16  1:19  Drone  
  16  1:25  Drone  
  18  1:34  Drone  
  19  1:44  Drone  
  20  1:49  Drone  
  21  2:06  Queen x2  
  21  2:08  Zergling x4  
  27  2:30  Overlord  
  27  2:33  Overlord  
  27  2:40  Metabolic Boost  
  27  2:50  Drone  
  28  2:56  Overlord  
  27  3:06  Drone x5  
  27  3:08  Drone  
  27  3:11  Hatchery  
  32  3:18  Queen  
  34  3:25  Baneling Nest  
  33  3:27  Lair  
  33  3:32  Overlord  
  33  3:42  Extractor, Drone  
  33  3:43  Drone x2  
  33  3:48  Overlord  
  35  3:50  Zergling x2  
  35  3:51  Zergling x2  
  37  3:57  Queen  
  39  4:18  Drone x3  
  39  4:19  Drone x3  
  39  4:20  Extractor  
  44  4:25  Queen, Evolution Chamber  
  44  4:26  Evolution Chamber  
  44  4:47  Overlord  
  44  4:56  Centrifugal Hooks  
  46  5:00  Drone x9  
  46  5:02  Hydralisk Den  
  52  5:09  Zerg Missile Weapons Level 1  
  52  5:10  Zerg Melee Weapons Level 1  
  52  5:16  Overlord  
  52  5:23  Pneumatized Carapace  
  52  5:25  Drone x4  
  56  5:42  Drone x2  
  58  5:43  Drone  
  58  5:46  Overlord  
  58  5:49  Grooved Spines  
  59  5:50  Hydralisk x3  
  65  5:58  Overlord x4  
  65  6:05  Extractor  
  65  6:09  Spine Crawler  
  63  6:12  Drone  
  63  6:18  Drone x11  
  75  6:35  Extractor  
  75  6:36  Extractor  
  73  6:45  Drone x2  
  74  6:47  Drone x3  
  74  6:49  Drone x2  
  74  6:52  Muscular Augments  
  79  6:57  Drone x2  
  80  7:05  Overseer  
  80  7:22  Extractor  
  79  7:24  Hatchery  
  79  7:27  Zergling x4  
  79  7:28  Zergling x10  
  85  7:45  Extractor, Drone x3  
  85  7:48  Overlord  
  87  8:00  Zerg Melee Weapons Level 2, Zerg Missile Weapons Level 2  
  87  8:06  Drone x2  
  87  8:08  Drone x11  
  100  8:13  Drone  
  100  8:15  Infestation Pit  
  100  8:23  Drone  
  100  8:24  Drone x2  
  100  8:26  Spire  
  102  8:37  Hydralisk x7  
  116  8:47  Zergling x8  
  120  8:54  Overlord x2  
  120  8:55  Overlord x2  
  120  9:14  Zergling x2  
  120  9:15  Zergling x2  
  122  9:19  Queen  
  122  9:22  Drone x4, Spine Crawler  
  122  9:23  Drone x6  
  133  9:47  Hive  
  133  9:48  Burrow  
  133  9:51  Zerg Flyer Weapons Level 1  
  133  10:03  Corruptor x4  
  133  10:04  Corruptor x4  
  149  10:08  Extractor  
  149  10:09  Extractor  
  147  10:17  Hatchery  
  146  10:22  Overseer x4  
  146  10:31  Overlord  
  146  10:44  Baneling x2  
  146  10:45  Baneling  
  146  10:47  Baneling  
  146  10:51  Baneling x2  
  146  10:52  Baneling x2  
  146  11:04  Zergling x26  
  147  11:08  Baneling x6  
  147  11:09  Baneling x3  
  135  12:11  Overseer  
  135  12:17  Zergling x2  
  135  12:18  Zergling x30  
  151  12:25  Overseer  
  128  12:51  Corruptor x4  
  128  12:52  Corruptor x2  
  128  12:53  Viper x2  
  128  12:54  Viper  
  149  13:03  Drone  
  144  13:06  Overlord x4  
  144  13:07  Overlord  
  144  13:28  Greater Spire  
  144  13:29  Ultralisk Cavern, Corruptor x3  
  144  13:30  Corruptor  
  151  13:40  Drone x2  
  151  13:41  Drone  
  154  13:52  Corruptor x4  
  162  14:17  Hatchery  
  161  14:28  Baneling x11  
  161  14:29  Baneling x6  
  161  14:30  Overlord x5  
  161  14:37  Extractor  
  160  14:38  Extractor  
  159  14:46  Ultralisk x2  
  159  14:49  Overlord x4  
  159  14:51  Ultralisk  
  177  14:53  Brood Lord x8  
  177  14:54  Brood Lord x3  
  199  15:02  Hatchery  
  198  15:12  Drone x2  
  198  15:13  Drone  
  199  15:14  Drone x2  
  199  15:16  Drone  
  197  15:26  Corruptor  
  173  16:04  Corruptor x12  
  167  16:05  Corruptor x3  
  167  16:09  Queen  
  196  16:13  Adrenal Glands, Chitinous Plating  
  196  16:16  Zerg Melee Weapons Level 3  
  196  16:17  Zerg Missile Weapons Level 3  
  196  16:28  Corruptor  
  196  16:29  Corruptor  
  121  17:19  Hatchery  
  113  17:25  Corruptor x2  
  113  17:26  Corruptor x13  
  122  17:30  Queen  
  122  17:32  Anabolic Synthesis  
  122  17:35  Drone  
  122  17:36  Drone  
  118  18:25  Hatchery  
  117  18:35  Brood Lord x4  
  117  18:40  Zergling x2  
  128  18:41  Zergling x22  
  136  18:56  Zergling x14  
  136  19:02  Zerg Ground Armor Level 1  
  120  19:43  Zergling x8  
  120  19:44  Zergling x4  
  120  19:45  Zergling x10  
  130  19:48  Queen  
  132  19:55  Extractor x2  
  130  20:01  Brood Lord x3  
  130  20:03  Zergling x2  
  130  20:04  Zergling x10  
  130  20:36  Hatchery  
  130  20:38  Extractor x2  
  130  20:40  Hatchery  
  130  20:42  Extractor x2  
  119  20:53  Queen  
  119  20:54  Queen x2  
  115  21:15  Hatchery  
  115  21:18  Extractor  
  113  21:19  Extractor  
  108  21:28  Queen  
  92  21:54  Brood Lord x2  
  92  21:55  Brood Lord x2  
  92  21:58  Zergling x22  
  92  21:59  Zergling x4  
  113  22:09  Drone x2  
  113  22:40  Corruptor  
  113  22:46  Drone x2  
  113  22:47  Drone  
  113  22:53  Queen  
  103  23:23  Extractor  
  103  23:24  Extractor, Brood Lord  
  100  23:47  Spore Crawler  
  100  23:48  Spore Crawler  
  93  23:51  Spore Crawler  
  93  23:52  Spore Crawler x2  
  77  24:17  Hatchery  
  76  24:21  Drone x12  
  76  24:22  Drone x9  
  92  24:56  Overseer  
  92  24:57  Overseer  
  92  24:58  Zerg Flyer Weapons Level 2  
  74  25:28  Drone x12  
  74  25:29  Drone x3  
  83  25:46  Drone x4  
  82  26:20  Queen  
  83  27:23  Drone x3  
  83  27:25  Drone x3  
  83  27:27  Extractor, Queen  
  83  27:29  Drone x6  
  96  27:49  Spine Crawler  
  87  28:49  Drone x3  
  87  28:50  Drone x3  
  87  28:54  Drone x2  
  95  29:11  Spawning Pool  
  94  29:34  Drone x15  
  94  29:38  Hatchery  
  105  30:00  Spine Crawler  
  104  30:08  Ultralisk  
  104  30:09  Ultralisk x3  
  128  30:36  Lair  
  108  31:24  Spawning Pool  
  107  31:29  Drone x18, Spore Crawler  
  124  31:36  Spore Crawler  
  124  31:37  Spore Crawler x3  
  120  31:46  Ultralisk  
  123  32:22  Extractor, Hatchery  
  122  32:26  Extractor  
  120  32:35  Overlord x5  
  120  32:51  Overlord x4  
  120  33:00  Drone x3  
  123  33:20  Drone x8  
  124  33:34  Extractor  
  117  33:36  Extractor  
  116  33:50  Drone x4  
  116  33:53  Queen  
  119  34:22  Extractor  
  112  34:49  Infestation Pit  
  100  35:00  Drone x6  
  98  35:37  Queen, Hatchery  
  98  35:39  Drone  
  96  35:43  Overseer  
  96  36:13  Overseer  
  96  36:14  Overseer  
  96  36:15  Infestation Pit  
  96  36:16  Overseer  
  95  36:18  Overseer  
  95  36:28  Zergling x10  
  100  36:49  Queen  
  100  36:51  Drone x6  
  104  37:10  Queen  
  84  37:43  Spire  
  62  38:02  Hive  
  62  38:10  Spawning Pool  
  43  38:50  Drone x12  
  53  39:15  Extractor x2, Hatchery  
Show
View Real Time Build Order
Export as new Build Order

Dowfu Terran - Winner!

Build Orders:  

Get SALT Encoding   

  12  0:01  SCV  
  13  0:13  SCV  
  14  0:25  SCV  
  15  0:32  Supply Depot  
  15  0:53  SCV  
  16  1:02  Barracks  
  16  1:05  SCV  
  17  1:15  Command Center  
  17  1:20  SCV  
  18  1:26  Refinery  
  18  1:32  SCV  
  19  1:40  Refinery  
  19  1:44  SCV  
  20  1:49  Marine  
  20  1:51  Bunker  
  21  1:56  SCV  
  22  2:08  Marine  
  23  2:27  Command Center  
  23  2:36  Orbital Command  
  23  2:50  Factory  
  23  2:53  Orbital Command  
  23  3:08  SCV  
  24  3:20  SCV  
  24  3:23  Engineering Bay  
  25  3:34  Widow Mine  
  25  3:37  Starport  
  25  3:40  Barracks Reactor  
  27  3:41  Orbital Command  
  27  3:42  Refinery  
  27  3:45  SCV  
  28  3:54  SCV  
  29  4:06  SCV x3  
  32  4:18  SCV x2  
  32  4:19  SCV  
  32  4:22  Refinery  
  32  4:23  Supply Depot  
  35  4:29  Factory Tech Lab  
  35  4:31  SCV  
  36  4:32  SCV  
  36  4:42  Viking  
  36  4:43  Viking  
  36  4:44  SCV  
  38  4:57  Marine  
  39  5:00  SCV  
  39  5:06  Starport  
  40  5:08  Armory  
  40  5:12  Fusion Core  
  40  5:13  Liberator  
  43  5:17  SCV  
  44  5:36  SCV  
  45  5:43  Command Center  
  45  5:46  Starport Tech Lab  
  45  6:05  Orbital Command  
  45  6:13  Marine  
  45  6:14  SCV  
  45  6:17  Starport Tech Lab, SCV  
  48  6:26  SCV  
  48  6:29  SCV  
  50  6:34  Factory  
  50  6:38  SCV  
  57  6:40  Battlecruiser  
  57  6:41  SCV  
  56  6:50  SCV  
  56  6:52  Siege Tank  
  56  6:53  SCV  
  61  6:58  Supply Depot  
  61  6:59  Orbital Command  
  59  7:02  SCV  
  59  7:05  SCV  
  59  7:06  Sensor Tower  
  61  7:08  Weapon Refit  
  61  7:12  Battlecruiser  
  67  7:16  SCV  
  67  7:24  Supply Depot  
  67  8:08  Command Center, Battlecruiser, Missile Turret  
  67  8:09  Factory Tech Lab  
  67  8:10  Command Center, Missile Turret  
  73  8:15  Missile Turret  
  73  8:17  Supply Depot  
  73  8:21  Command Center  
  73  8:23  Command Center  
  73  8:24  SCV  
  73  8:25  SCV x2  
  73  8:27  Thor  
  76  8:28  Orbital Command  
  76  8:31  Widow Mine  
  84  8:36  SCV  
  84  8:37  SCV  
  86  8:49  Terran Vehicle Weapons Level 1, SCV  
  86  8:50  Missile Turret  
  86  8:52  Widow Mine  
  86  8:55  Supply Depot  
  89  8:59  Armory  
  89  9:00  Command Center, Supply Depot  
  87  9:14  Battlecruiser  
  87  9:16  Thor  
  87  9:17  Widow Mine  
  101  9:21  Orbital Command  
  101  9:27  SCV  
  102  9:38  Widow Mine  
  104  9:47  SCV x2  
  104  9:50  Battlecruiser  
  112  9:56  SCV  
  112  9:57  Barracks, Terran Vehicle And Ship Armor Level 1  
  112  9:58  Thor  
  119  10:03  Planetary Fortress  
  119  10:06  SCV x2  
  121  10:14  SCV  
  121  10:28  Missile Turret  
  121  10:32  Bunker  
  121  10:33  Battlecruiser  
  121  10:34  SCV x2  
  121  10:35  SCV x2  
  132  10:41  Refinery  
  131  10:43  Refinery  
  131  10:46  Planetary Fortress  
  131  10:54  Marine, Battlecruiser, SCV x2  
  131  10:55  Marine  
  141  11:00  Hellion x2  
  145  11:06  Planetary Fortress  
  145  11:12  Marine  
  145  11:13  Orbital Command  
  146  11:24  Marine x2  
  148  11:27  SCV x2  
  148  11:30  Marine  
  151  11:33  Refinery  
  151  11:34  SCV  
  151  11:37  SCV x2  
  154  11:43  Missile Turret  
  154  11:52  Missile Turret  
  134  12:14  SCV x2  
  136  12:25  Command Center  
  136  12:28  Command Center  
  124  12:46  Battlecruiser  
  124  12:47  Battlecruiser  
  124  12:48  Hellion x2  
  140  13:03  Command Center  
  140  13:09  Widow Mine x2  
  144  13:18  SCV  
  143  13:24  Missile Turret  
  143  13:25  SCV  
  144  13:29  Marine  
  144  13:30  Thor  
  144  13:31  Orbital Command  
  151  13:34  Thor  
  157  13:43  Missile Turret  
  157  13:47  Marine  
  158  13:51  Battlecruiser x2  
  164  13:56  Missile Turret  
  164  13:59  Missile Turret  
  158  14:05  Marine  
  159  14:13  Widow Mine  
  159  14:14  Missile Turret x2  
  159  14:16  SCV  
  162  14:17  Hellion, Missile Turret  
  162  14:18  Missile Turret, Refinery  
  162  14:20  SCV x6, Refinery  
  162  14:23  Marine  
  171  14:25  Missile Turret  
  171  14:28  SCV  
  171  14:30  Factory  
  172  14:32  SCV x5  
  172  14:34  Missile Turret  
  172  14:35  Hellion  
  172  14:37  Factory  
  172  14:38  SCV  
  180  14:39  Hellion  
  180  14:41  Marine  
  183  14:47  Planetary Fortress  
  183  14:49  Refinery  
  183  14:56  Thor  
  188  15:00  Hellion, SCV  
  191  15:08  Refinery  
  191  15:13  SCV  
  192  15:16  Infernal Pre-Igniter  
  192  15:17  Factory Tech Lab  
  186  15:21  Hellion  
  186  15:22  Planetary Fortress  
  186  15:25  SCV  
  189  15:31  Battlecruiser x2  
  191  16:21  Thor  
  175  17:06  Thor  
  163  17:30  Thor x2  
  163  17:31  Factory Tech Lab  
  163  17:33  SCV  
  163  17:35  Refinery  
  176  17:46  Command Center  
  176  18:11  Command Center  
  176  18:12  SCV  
  175  18:22  Command Center  
  175  18:30  Thor, Hellion x3  
  175  18:32  Battlecruiser  
  175  18:58  SCV x2  
  173  19:05  Refinery  
  169  19:16  SCV x3  
  169  19:17  Orbital Command, SCV x4  
  174  19:19  Refinery  
  176  19:24  Missile Turret  
  176  19:26  Missile Turret  
  176  19:28  SCV  
  165  19:35  Planetary Fortress  
  165  19:36  Battlecruiser  
  153  19:49  Command Center  
  153  19:52  Refinery  
  141  20:02  Hellion x4  
  141  20:04  Terran Vehicle Weapons Level 2, Terran Vehicle And Ship Armor Level 2  
  142  20:31  Command Center  
  142  20:33  Refinery  
  142  20:34  Refinery  
  142  20:40  Battlecruiser  
  133  21:05  Command Center  
  133  21:08  Command Center, Missile Turret  
  133  21:10  Hellion, Widow Mine  
  133  21:11  Widow Mine x2  
  133  21:18  Command Center, SCV  
  133  21:31  Hellion  
  133  21:32  Hellion x3  
  137  21:33  Marine  
  136  21:40  Planetary Fortress  
  136  21:43  Missile Turret  
  136  21:45  Battlecruiser  
  142  21:51  Marine  
  142  21:53  Hellion x3  
  142  21:54  Hellion  
  151  21:55  Missile Turret  
  151  21:59  Missile Turret  
  151  22:01  Missile Turret  
  149  22:08  Marine  
  149  22:11  Missile Turret  
  147  22:19  Refinery  
  147  22:20  Terran Ship Weapons Level 1, Starport x2, Refinery  
  146  22:23  Starport x2  
  146  22:26  Marine  
  145  22:33  Starport  
  144  22:44  Marine  
  144  22:49  Battlecruiser  
  147  22:53  Command Center  
  147  22:55  Refinery  
  147  22:58  Neosteel Armor, Refinery  
  146  23:02  Starport Tech Lab x3  
  146  23:07  Command Center  
  146  23:10  Factory  
  144  23:13  Missile Turret  
  144  23:14  Starport Tech Lab  
  144  23:15  Missile Turret  
  144  23:16  Missile Turret  
  138  23:46  Command Center  
  138  23:48  Missile Turret  
  138  23:53  Battlecruiser  
  138  23:55  Hellion x4  
  151  24:06  Marine  
  146  24:16  Hellion x2  
  146  24:17  Hellion x2  
  148  24:19  Starport Tech Lab  
  148  24:24  Marine  
  149  24:30  Terran Ship Weapons Level 2  
  147  24:31  Terran Vehicle Weapons Level 3  
  147  24:32  Missile Turret  
  147  24:33  Factory Tech Lab  
  147  24:38  Hellion x4  
  142  24:50  Barracks Tech Lab  
  142  24:52  Missile Turret  
  135  24:57  Battlecruiser  
  135  24:59  Hellion x2, Command Center  
  145  25:04  SCV x4  
  145  25:05  SCV x4  
  145  25:06  Barracks  
  153  25:07  Barracks  
  153  25:12  Orbital Command  
  151  25:14  SCV  
  151  25:16  SCV x3  
  151  25:17  Missile Turret  
  139  26:00  Battlecruiser x2  
  151  26:12  Marine  
  151  26:14  Hellion x2  
  151  26:15  Widow Mine  
  158  26:25  SCV  
  159  26:30  Marine  
  154  26:36  Widow Mine x2  
  158  26:40  Refinery  
  152  26:47  Marine  
  147  26:55  Battlecruiser x2  
  153  27:09  Ghost Academy  
  153  27:12  Marine  
  148  27:16  Terran Ship Weapons Level 3  
  148  27:17  Terran Vehicle And Ship Armor Level 3  
  148  27:22  Planetary Fortress, Missile Turret  
  148  27:23  Missile Turret  
  148  27:27  Missile Turret  
  148  27:29  Missile Turret  
  148  27:30  Marine  
  148  27:33  Refinery  
  149  27:43  Orbital Command  
  149  27:46  Missile Turret  
  141  28:08  Command Center  
  141  28:11  Refinery  
  139  28:13  Command Center  
  139  28:14  Battlecruiser  
  139  28:15  Battlecruiser  
  139  28:18  Widow Mine x2  
  141  28:49  Battlecruiser x2  
  153  29:16  Ghost, Hellion  
  153  29:17  Hellion x2, Marine x2  
  153  29:20  Personal Cloaking  
  157  29:25  Missile Turret  
  157  29:28  Ghost Academy  
  157  29:30  Widow Mine  
  159  29:35  Marine x2  
  161  29:45  Ghost  
  161  29:53  Marine x2  
  161  29:54  Command Center, Missile Turret  
  161  29:56  Thor  
  161  29:57  Thor  
  173  30:02  Ghost Academy  
  173  30:08  Planetary Fortress  
  173  30:11  Marine  
  173  30:12  Missile Turret  
  173  30:14  Ghost  
  174  30:15  Battlecruiser  
  179  30:32  Battlecruiser x2  
  191  30:41  Ghost Academy  
  187  30:45  SCV  
  187  30:46  Nuke  
  187  30:57  SCV  
  182  31:12  Ghost  
  182  31:17  Nuke x2  
  172  31:22  Factory  
  172  31:23  Battlecruiser x3  
  190  31:32  Nuke  
  190  31:41  Ghost  
  190  31:43  Refinery  
  190  31:45  Refinery  
  192  32:00  SCV x2  
  188  32:07  Missile Turret  
  186  32:09  Ghost  
  186  32:11  Battlecruiser x2  
  200  32:17  Refinery  
  200  32:41  Planetary Fortress  
  188  32:44  SCV  
  188  32:45  SCV x2  
  191  32:54  Planetary Fortress  
  191  32:55  Missile Turret  
  191  33:00  Missile Turret  
  191  33:02  Factory Tech Lab, Command Center  
  191  33:04  Missile Turret  
  191  33:06  Missile Turret  
  189  33:16  SCV  
  190  33:24  SCV  
  185  33:53  SCV  
  185  33:54  Thor  
  185  33:55  Thor  
  190  34:36  Battlecruiser  
  196  34:52  Thor  
  190  34:53  Widow Mine  
  190  34:54  Widow Mine  
  178  35:42  Factory  
  170  35:44  Nuke x2  
  170  35:46  Battlecruiser x2  
  170  35:47  Battlecruiser  
  188  35:59  Command Center  
  188  36:01  Refinery  
  189  36:04  SCV x5  
  189  36:05  SCV x3  
  189  36:22  Battlecruiser  
  189  36:25  Missile Turret  
  183  37:06  Planetary Fortress  
  183  37:08  Battlecruiser x2  
  165  37:52  Refinery  
  165  37:59  Missile Turret  
  165  38:00  Hellion  
  165  38:01  Hellion x3  
  173  38:19  Missile Turret  
  185  38:27  Planetary Fortress  
  191  38:39  Missile Turret  
  191  38:40  Missile Turret  
  188  38:42  Missile Turret  
  188  38:46  Barracks  
  200  38:51  Barracks  
  200  38:53  Command Center  
  200  38:59  Missile Turret  
Tags
 
Matchup
TvZ
Replay Pack
Multiplayer
Spawn Locations
Cross Positions
Add a new tag
Caveats
  • Supply blocks, unpowered buildings, or Contaminate may cause inaccurate times.
  • Supply counts are checked every 10 seconds.